 Dungeon Crawl Stone Soup version 0.30-b1-2-g02819fbbbe (webtiles) character file.

Game seed: 10534866504756855337

1514 LLlMATKO the Chopper (level 8, 0/73 HPs)
             Began as a Minotaur Berserker on Sept 1, 2023.
             Was a Priest of Trog.
             Succumbed to a water moccasin's poison
             ... on level 6 of the Dungeon.
             The game lasted 00:04:38 (5529 turns).

LLlMATKO the Chopper (Minotaur Berserker)           Turns: 5529, Time: 00:04:38

Health: 0/73       AC: 11    Str: 25    XL:     8   Next: 53%
Magic:  7/7        EV: 10    Int:  4    God:    Trog [***...]
Gold:   393        SH:  0    Dex:  9    Spells: 7/7 levels left

rFire   . . .        v - +0 war axe
rCold   . . .        (no shield)
rNeg    . . .        r - +0 chain mail
rPois   .            (helmet restricted)
rElec   .            (no cloak)
rCorr   .            (no gloves)
SInv    .            j - +0 pair of boots
Will    .....        (no amulet) Stlth
                     (no ring)
HPRegen 0.32/turn    (no ring)
MPRegen 0.10/turn

%: no passive effects
@: lethally poisoned (0 -> -7), on berserk cooldown, slowed, very slow
A: horns 2, retaliatory headbutt
a: Renounce Religion, Berserk, Trog's Hand


You were on level 6 of the Dungeon.
You worshipped Trog.
Trog was most pleased with you.
You visited 1 branch of the dungeon, and saw 6 of its levels.

You collected 393 gold pieces.

Inventory:

Hand Weapons
 v - a +0 war axe (weapon)
Missiles
 l - 2 curare-tipped darts (quivered)
 A - 12 poisoned darts
Armour
 j - a +0 pair of boots (worn)
 r - a +0 chain mail (worn)
Jewellery
 t - a ring of ice
 w - an amulet of faith
Wands
 h - a wand of charming (9)
 x - a wand of polymorph (5)
 y - a wand of roots (3)
Scrolls
 a - a scroll of summoning {unknown}
 d - 5 scrolls of teleportation {unknown}
 g - 4 scrolls of noise {unknown}
 i - 6 scrolls of identify {unknown}
 n - a scroll of silence {unknown}
 o - 3 scrolls of fear {unknown}
 p - a scroll of enchant weapon {unknown}
 q - a scroll of fog {unknown}
 u - 2 scrolls of torment {unknown}
 B - a scroll of magic mapping {unknown}
Potions
 b - 7 potions of curing {unknown}
 c - 7 potions of heal wounds {unknown}
 e - a potion of lignification {unknown}
 f - a potion of attraction {unknown}
 k - 2 potions of degeneration {unknown}
 m - a potion of cancellation {unknown}
 s - a potion of might {unknown}
 z - 2 potions of ambrosia {unknown}
 C - a potion of magic {unknown}


   Skills:
 + Level 7.3 Fighting
 + Level 7.3 Axes
 + Level 6.8 Armour
 + Level 6.2 Dodging


You had 7 spell levels left.
You didn't know any spells.
Your spell library was empty.

Dungeon Overview and Level Annotations

Branches:
Dungeon (6/15)             Temple (0/1) D:6

Altars:
Cheibriados
Dithmenos
Elyvilon
Fedhas
Hepliaklqana
Kikubaaqudgha
Makhleb
Ru
Sif Muna
Trog
Vehumet
The Shining One

Shops:
D:3 =!*:


Innate Abilities, Weirdness & Mutations

You have a pair of horns on your head.
You reflexively headbutt those who attack you in melee.


Message History

You barely miss the water moccasin.
The water moccasin is almost dead.
You feel very sick. The water moccasin barely misses you.
The water moccasin bites you!
You are lethally poisoned!
The water moccasin poisons you!
You barely miss the water moccasin.
The water moccasin is almost dead.
* * * LOW HITPOINT WARNING * * *
You feel extremely sick.
The water moccasin bites you but does no damage.
A red film seems to cover your vision as you go berserk!
You feel yourself moving faster!
You feel mighty!
* * * LOW HITPOINT WARNING * * *
You feel very sick. The water moccasin bites you!
* * * LOW HITPOINT WARNING * * *
The water moccasin completely misses you.
You slice the water moccasin!!
You kill the water moccasin!
Trog accepts your kill.
* * * LOW HITPOINT WARNING * * *
You feel very sick.
Unknown command.
You are too berserk!
There is a lethal amount of poison in your body!
* * * LOW HITPOINT WARNING * * *
You feel sick.
You feel a strong urge to attack something.
* * * LOW HITPOINT WARNING * * *
You feel sick.
* * * LOW HITPOINT WARNING * * *
You feel sick.
You feel your anger nearly subside.
* * * LOW HITPOINT WARNING * * *
You feel sick.
You are no longer berserk.
You are exhausted.
You feel yourself slow down.
You die...

###### ..... ....
##..# ##..# ####
##.@# ...### ##..##
.#...########..##
.##.........#.##
[.##..#####...#
#..##..)# #...##
##......###.#..###..
.##...#.##.(.......#
...............###...


There were no monsters in sight!

Vanquished Creatures
  Grinder (D:4)
  A water moccasin (D:6)
  A sky beast (D:6)
  3 ogres
  A centaur (D:6)
  Blork the orc (D:5)
  A scorpion (D:4)
  A bullfrog (D:6)
  A jelly (D:6)
  4 hounds
  An orc priest (D:5)
  Jessica (D:2)
  2 orc wizards
  An iguana (D:5)
  Natasha (thrice) (D:2)
  Robin (D:4)
  3 gnolls (D:3)
  7 adders
  2 shadow imps (D:5)
  A worm (D:2)
  5 dart slugs
  12 orcs
  4 bats
  6 endoplasms
  4 giant cockroaches
  14 goblins
  7 hobgoblins
  7 jackals
  6 quokkas
  3 ball pythons
  3 frilled lizards
  7 kobolds
  3 rats (D:2)
118 creatures vanquished.

Notes
Turn   | Place    | Note
-------+----------+-------------------------------------------
     0 | D:1      | LLlMATKO the Minotaur Berserker began the quest for the
                  | Orb.
     0 | D:1      | Reached XP level 1. HP: 19/19 MP: 0/0
   242 | D:1      | Reached XP level 2. HP: 22/27 MP: 1/1
   472 | D:1      | You fall into a shaft and drop 1 floor!
   754 | D:1      | Reached XP level 3. HP: 31/33 MP: 2/2
  1412 | D:2      | Reached ** piety under Trog
  1570 | D:2      | Noticed Jessica
  1578 | D:2      | Killed Jessica
  1579 | D:2      | Reached XP level 4. HP: 32/41 MP: 3/3
  1722 | D:2      | Noticed Natasha
  1727 | D:2      | Killed Natasha
  1883 | D:2      | Noticed Natasha
  1890 | D:2      | Killed Natasha
  1891 | D:2      | Reached XP level 5. HP: 46/47 MP: 4/4
  2043 | D:2      | Noticed Natasha
  2051 | D:2      | Killed Natasha
  2773 | D:3      | Found Nuweag's Jewellery Emporium.
  2931 | D:3      | Reached skill level 5 in Fighting
  2931 | D:3      | Reached skill level 5 in Axes
  3107 | D:3      | Found Yriack's General Store.
  3111 | D:3      | Found Hael's Distillery.
  3173 | D:3      | Identified the +4 trident "Tivvo" {freeze, Dex+3}
  3179 | D:3      | Found Uviumuwk's Book Shoppe.
  3466 | D:4      | Reached XP level 6. HP: 56/56 MP: 5/5
  3491 | D:4      | Noticed Robin
  3501 | D:4      | Reached *** piety under Trog
  3503 | D:4      | Killed Robin
  3572 | D:4      | Identified the +4 quarterstaff of Zunoivun {holy, rN+
                  | rCorr}
  3781 | D:4      | Noticed Grinder
  3800 | D:4      | Killed Grinder
  3801 | D:4      | Reached skill level 5 in Armour
  3801 | D:4      | Reached XP level 7. HP: 52/62 MP: 6/6
  4017 | D:5      | Entered Level 5 of the Dungeon
  4120 | D:5      | Reached skill level 5 in Dodging
  4294 | D:5      | Identified the +6 sling "Melaami" {heavy, Will- Dex+3
                  | Stlth+}
  4401 | D:5      | Found a sacrificial altar of Ru.
  4401 | D:5      | Found a shadowy altar of Dithmenos.
  4401 | D:5      | Found a burning altar of Makhleb.
  4403 | D:5      | Found an ancient bone altar of Kikubaaqudgha.
  4407 | D:5      | Found a glowing golden altar of the Shining One.
  4407 | D:5      | Found a hazy altar of Hepliaklqana.
  4409 | D:5      | Found a blossoming altar of Fedhas.
  4409 | D:5      | Found a shimmering blue altar of Sif Muna.
  4409 | D:5      | Found a snail-covered altar of Cheibriados.
  4411 | D:5      | Found a radiant altar of Vehumet.
  4411 | D:5      | Found a white marble altar of Elyvilon.
  4411 | D:5      | Found a bloodstained altar of Trog.
  4546 | D:5      | Noticed Blork the orc
  4554 | D:5      | Killed Blork the orc
  5202 | D:6      | Found a staircase to the Ecumenical Temple.
  5206 | D:6      | Reached XP level 8. HP: 71/71 MP: 7/7
  5233 | D:6      | Identified the +7 falchion "Jabueta" {protect, Str+4 Dex+3}
  5526 | D:6      | HP: 5/109 [poisoned by a water moccasin]
  5528 | D:6      | HP: 1/109 [poisoned by a water moccasin]
  5529 | D:6      | Succumbed to a water moccasin's poison

Illustrated notes

Levels and vault maps discovered:
D:1:      minmay_arrival_four_circles, layout_basic, minmay_misc_feat_tower
D:2:      layout_rooms, serial_co_window_serial, co_window_paths_b,
          co_window_corner_a, co_window_paths_a, co_window_paths_b,
          co_window_paths_a, co_window_corner_a, co_window_paths_a,
          co_window_corner_a, co_window_corner_a, co_window_cross_4,
          co_window_corner_b, co_window_cross_3, co_window_of_opportunity_c,
          co_window_2corner, co_window_unsneaky_path_c, uniq_natasha,
          uniq_jessica
D:3:      layout_basic, serial_shops, shop, shop_statue, shop_statue,
          nicolae_shop_competitors_out_of_business
D:4:      layout_cave_pools, uniq_robin, uniq_grinder
D:5:      layout_gridville, nicolae_overflows_in_rows, minmay_splitting_lines,
          uniq_blork_the_orc
D:6:      layout_loops_ring, nemelex_spade_bored_becter,
          minmay_temple_entry_waves

Skill      XL: |  1  2  3  4  5  6  7  8 |
---------------+-------------------------+-----
Axes           | 4 5 6 7 |  7.3
Fighting       | 4 5 6 7 |  7.3
Armour         | 3 4 5 6 |  6.8
Dodging        | 3 4 5 6 |  6.2

Action                     |  1- 3 |  4- 6 |  7- 9 || total
---------------------------+-------+-------+-------++-------
  Melee: Hand axe          |    68 |   125 |    21 ||   214
         Headbutt          |     8 |     7 |     8 ||    23
         Punch             |       |     1 |     3 ||     4
         War axe           |       |       |    88 ||    88
 Invoke: Berserk           |       |     4 |     4 ||     8
 Armour: Animal skin       |    13 |       |       ||    13
         Scale mail        |     2 |    41 |       ||    43
         Chain mail        |       |    12 |    53 ||    65
  Dodge: Dodged            |    51 |    63 |    52 ||   166
